 Dungeon Crawl Stone Soup version 0.24.0-125-gc4c63601f3 (webtiles) character file.

Game seed: 14059833306622259176, levelgen mode: deterministic

1829 Frank2 the Basher (level 8, 0/93 HPs)
             Began as a Demonspawn Gladiator on Mar 19, 2020.
             Was a Believer of Fedhas.
             Succumbed to a wight's poison
             ... on level 7 of the Dungeon.
             The game lasted 00:11:48 (5186 turns).

Frank2 the Basher (Demonspawn Gladiator)            Turns: 5186, Time: 00:11:50

Health: 0/93       AC:  9    Str: 26    XL:     8   Next: 86%
Magic:  8/8        EV: 13    Int: 14    God:    Fedhas [**....]
Gold:   434        SH:  0    Dex: 15    Spells: 7/7 levels left

rFire    . . .     SeeInvis +   a - +3 flail
rCold    . . .     Gourm    +   (no shield)
rNeg     . . .     Faith    .   G - +0 ring mail (curse)
rPois    .         Spirit   .   c - +1 helmet
rElec    .         Reflect  .   (no cloak)
rCorr    .         Harm     .   (no gloves)
MR       +....                  (no boots)
Stlth    ..........             y - amulet "Eclean" {Gourm MR+ Str+7 Dex-2}
HPRegen  0.25/turn              g - +4 ring of intelligence
MPRegen  0.11/turn              l - ring of see invisible

@: berserking, lethally poisoned (0 -> -17), drained, very quick
A: molten scales 1, demonic guardian 1, powered by death 2
a: Wall of Briars, Renounce Religion


You were on level 7 of the Dungeon.
You worshipped Fedhas.
Fedhas was pleased with you.
You were not hungry.

You visited 1 branch of the dungeon, and saw 7 of its levels.
You also visited: Sewer.

You collected 434 gold pieces.

Inventory:

Hand Weapons
 a - a +3 flail (weapon)
Missiles
 d - a throwing net (quivered)
Armour
 c - a +1 helmet (worn)
 E - a +0 crystal plate armour
 G - a cursed +0 ring mail (worn)
Jewellery
 g - a +4 ring of intelligence (left hand)
 j - an uncursed ring of magical power
 l - a ring of see invisible (right hand)
 n - a +5 amulet of reflection
 y - the amulet "Eclean" (around neck) {Gourm MR+ Str+7 Dex-2}
   (You took it off a gnoll on level 4 of the Dungeon)

   [amulet of the gourmand]

   It allows you to eat raw meat even when not hungry.
   It affects your strength (+7).
   It affects your dexterity (-2).
   It affects your resistance to hostile enchantments.
Wands
 D - a wand of paralysis (11)
Scrolls
 m - 7 scrolls of teleportation
 s - 4 scrolls of remove curse
 v - a scroll of blinking
 F - a scroll of fog
Potions
 b - 3 potions of heal wounds
 e - a potion of haste
 i - a potion of berserk rage
 k - 2 potions of ambrosia {unknown}
 o - a potion of might {unknown}
 p - 2 potions of agility {unknown}
 q - a potion of magic {unknown}
 r - a potion of cancellation {unknown}
 t - 2 potions of lignification {unknown}
 u - 2 potions of curing {unknown}
 x - a potion of brilliance {unknown}
 z - 2 potions of resistance {unknown}
 A - 2 potions of flight {unknown}
Comestibles
 f - 9 rations


   Skills:
 + Level 5.0(4.0) Fighting
 + Level 8.0(6.9) Maces & Flails
 - Level 1.7(0.8) Throwing
 + Level 4.5(3.6) Armour
 + Level 4.5(3.6) Dodging


You had 7 spell levels left.
You didn't know any spells.
Your spell library was empty.

Dungeon Overview and Level Annotations

Branches:
Dungeon (7/15)              Sewer (visited)
 Temple: D:4-7

Altars:
Cheibriados
Fedhas
Hepliaklqana
Nemelex Xobeh
Okawaru
Sif Muna
Uskayaw
Vehumet
Yredelemnul
Beogh

Annotations:
D:5 3 runed translucent doors, fritzmikael's ghost, novice OpEE


Innate Abilities, Weirdness & Mutations

You are partially covered in molten scales. (AC +2)
A weak demonic guardian rushes to your aid.
You regenerate health from kills.


Message History

* * * LOW HITPOINT WARNING * * *
You feel sick. The wight closely misses you.
You closely miss the wight.
The wight is almost destroyed.
* * * LOW HITPOINT WARNING * * *
You feel sick.
You barely miss the wight.
The wight is almost destroyed.
* * * LOW HITPOINT WARNING * * *
You feel sick. The wight hits you with a +6 hand axe.
* * * LOW HITPOINT WARNING * * *
You feel drained.
* * * LOW HITPOINT WARNING * * *
You sock the wight!
You destroy the wight!
Fedhas accepts your kill.
Your base Fighting skill increases to level 5!
Your base Maces & Flails skill increases to level 8!
You die...
Fedhas appreciates your contribution to the ecosystem.

#.......)...........#
#...........>.......#
#....................#
.............#........#
..#........$.#........#
.....(........###.(...#
.....####.....########
####..# #@)# ##)..#
.#.# .#.# .. # #. .. ##


There were no monsters in sight!

Vanquished Creatures
  A phantom (D:4)
  2 ogres (D:4)
  2 centaurs
  A bullfrog (D:7)
  3 scorpions
  4 wights (D:7)
  A crimson imp (D:5)
  A jelly (D:6)
  A hound (D:4)
  2 orc priests
  A bullfrog skeleton (D:6)
  7 orc wizards
  3 iguanas (D:4)
  2 worker ants (D:3)
  A mummy (D:5)
  A worker ant zombie (D:7)
  9 adders
  5 gnolls
  A river rat (Sewer)
  2 shadow imps
  An ooze (D:4)
  An adder skeleton (D:4)
  3 worms
  A dart slug (D:2)
  2 leopard geckos
  16 orcs
  2 ball pythons
  13 bats
  3 giant cockroaches
  5 goblins
  10 hobgoblins
  4 jackals
  13 kobolds
  2 quokkas
  4 frilled lizards
  2 leopard gecko skeletons
  26 rats
158 creatures vanquished.

Vanquished Creatures (collateral kills)
  A phantom (D:7)
  2 ogres
  A big kobold (Sewer)
  3 gnolls
  An adder (D:5)
  A leopard gecko (D:5)
  4 orcs
  A jackal (Sewer)
  2 kobolds (Sewer)
16 creatures vanquished.

Vanquished Creatures (others)
  5 toadstools (D:2)
5 creatures vanquished.

Grand Total: 179 creatures vanquished

Notes
Turn   | Place    | Note
-------+----------+-------------------------------------------
     0 | D:1      | Frank2 the Demonspawn Gladiator began the quest for the
                  | Orb.
     0 | D:1      | Reached XP level 1. HP: 16/16 MP: 1/1
    43 | D:1      | Gained mutation: A weak demonic guardian rushes to your
                  | aid. [demonic ancestry]
    43 | D:1      | Reached XP level 2. HP: 21/22 MP: 2/2
   149 | D:1      | Reached skill level 3 in Maces & Flails
   524 | D:1      | Gained mutation: You regenerate a little health from kills.
                  | [demonic ancestry]
   524 | D:1      | Reached XP level 3. HP: 27/27 MP: 3/3
   996 | D:2      | Gained mutation: You regenerate health from kills. [demonic
                  | ancestry]
   996 | D:2      | Reached XP level 4. HP: 9/33 MP: 4/4
  1164 | D:2      | Reached skill level 1 in Armour
  1213 | D:2      | Reached skill level 4 in Maces & Flails
  1225 | D:2      | Found a hide-covered altar of Uskayaw.
  1234 | D:2      | Found a hazy altar of Hepliaklqana.
  1844 | D:3      | Reached XP level 5. HP: 32/39 MP: 5/5
  2332 | D:4      | Noticed an ogre
  2333 | D:4      | Found a blossoming altar of Fedhas.
  2353 | D:4      | HP: 1/40 [ogre/cursed +0 giant spiked club (25)]
  2359 | D:4      | Killed an ogre
  2359 | D:4      | Reached XP level 6. HP: 3/47 MP: 6/6
  2632 | D:4      | Became a worshipper of Fedhas Madash
  2687 | D:4      | Identified the amulet "Eclean" {Gourm MR+ Str+7 Dex-2}
  3002 | D:4      | Reached skill level 5 in Maces & Flails
  3167 | D:4      | Found a shimmering blue altar of Sif Muna.
  3221 | D:4      | Found an iron altar of Okawaru.
  3324 | D:4      | Gained mutation: You are partially covered in molten
                  | scales. (AC +2) [demonic ancestry]
  3324 | D:4      | Reached XP level 7. HP: 51/52 MP: 7/7
  3451 | D:5      | Entered Level 5 of the Dungeon
  3465 | D:5      | Reached * piety under Fedhas
  3578 | D:5      | Reached skill level 6 in Maces & Flails
  3962 | D:5      | Reached XP level 8. HP: 60/60 MP: 8/8
  4005 | D:5      | Found a sparkling altar of Nemelex Xobeh.
  4145 | D:5      | Found a snail-covered altar of Cheibriados.
  4241 | D:5      | Found a runed translucent gate.
  4242 | D:5      | Found a runed translucent gate.
  4242 | D:5      | Identified the +5 dagger "Dragonbane" {drain, rN+ Int-5
                  | Dex+4}
  4242 | D:5      | Noticed fritzmikael's ghost (novice OpEE)
  4243 | D:5      | Found a runed translucent gate.
  4249 | D:5      | Found a roughly hewn altar of Beogh.
  4326 | D:6      | Reached ** piety under Fedhas
  4382 | D:6      | Found a hazy altar of Hepliaklqana.
  4402 | D:6      | Found a basalt altar of Yredelemnul.
  4407 | D:6      | Found a glowing drain.
  4416 | Sewer    | Entered a sewer
  4497 | Sewer    | Reached skill level 7 in Maces & Flails
  4512 | Sewer    | Found a white marble altar of Elyvilon.
  5098 | D:7      | Found a radiant altar of Vehumet.
  5185 | D:7      | HP: 3/91 [wight/+6 hand axe (4)]
  5185 | D:7      | HP: 1/91 [wight/+6 hand axe (2)]
  5186 | D:7      | Reached skill level 5 in Fighting
  5186 | D:7      | Reached skill level 8 in Maces & Flails
  5186 | D:7      | Succumbed to a wight's poison

Levels and vault maps discovered:
D:1:      erik_arrival_orb_chamber, layout_basic
D:2:      minmay_angry_zag, layout_loops_ring, nicolae_overflow_hidden_temple,
          minmay_gold_behind_fungi
D:3:      layout_rooms, kennysheep_cross_bottleneck
D:4:      layout_basic, okawaru_altar_gauntlet_db, fedhas_altar_3, first_ration,
          led_sif_pool
D:5:      layout_rooms, slow_altar_1, biasface_ghost_orc_armoury,
          nemelex_altar_shiori
D:6:      layout_rooms, basic_altar, portal_sewer_entry_d,
          yredelemnul_altar_generic
D:7:      layout_rooms, vehumet_crystals, marbit_many_paths,
          minmay_temple_entry_purple_smoke

Skill      XL: |  1  2  3  4  5  6  7  8 |
---------------+-------------------------+-----
Dodging        | 3 4 |  4.5
Maces & Flails | 3 4 5 6 8 |  8.0
Armour         | 1 2 3 4 |  4.5
Fighting       | 3 4 5 |  5.0
Throwing       | |  1.7

Action                   |  1- 3 |  4- 6 |  7- 9 || total
-------------------------+-------+-------+-------++-------
Melee: Flail             |   130 |   187 |   254 ||   571
Throw: Throwing net      |       |     2 |     4 ||     6
  Use: Scroll            |     4 |     4 |     7 ||    15
       Potion            |       |     1 |     1 ||     2
 Stab: Sleeping          |     2 |       |       ||     2
       Held in net/web   |       |     1 |     1 ||     2
       Distracted        |       |       |     2 ||     2
  Eat: Chunk             |       |     8 |    11 ||    19
Armor: Leather armour    |    35 |       |       ||    35
       Ring mail         |    17 |    62 |    88 ||   167
Dodge: Dodged            |   100 |   118 |   180 ||   398
Block: Other             |       |    37 |    25 ||    62
       Reflection        |       |     6 |     1 ||     7
